 Dungeon Crawl Stone Soup version 0.25-a0-510-ge065f6de7d (webtiles) character file.

Game seed: 14860456911020950144, levelgen mode: deterministic

231 BeastOfSaturn the Grave Robber (level 5, -1/38 HPs)
             Began as a Demonspawn Necromancer on Feb 15, 2020.
             Slain by an orc wizard
             ... wielding a +0 dagger
              (4 damage)
             ... on level 3 of the Dungeon.
             The game lasted 00:11:58 (3682 turns).

BeastOfSaturn the Grave Robber (DsNe)               Turns: 3682, Time: 00:11:59

Health: -1/38      AC:  7    Str:  9    XL:     5   Next: 73%
Magic:  8/8        EV: 10    Int: 16    God:
Gold:   136        SH:  0    Dex: 14    Spells: 4/9 levels left

rFire    . . .     SeeInvis .   j - +0 spear
rCold    . . .     Gourm    .   (no shield)
rNeg     . . .     Faith    .   h - +0 ring mail (curse)
rPois    .         Spirit   .   (helmet restricted)
rElec    .         Reflect  .   g - +1 cloak
rCorr    .         Harm     .   (no gloves)
MR       .....                  (no boots)
Stlth    +.........             (no amulet)
HPRegen  0.12/turn              (no ring)
MPRegen  0.11/turn              (no ring)

@: no status effects
A: antennae 1, claws 1, demonic guardian 1
a: no special abilities


You were on level 3 of the Dungeon.
You were not hungry.

You visited 1 branch of the dungeon, and saw 3 of its levels.

You collected 136 gold pieces.

Inventory:

Hand Weapons
 b - a +0 hand axe
 j - a +0 spear (weapon)
Armour
 a - a +0 robe
 g - a +1 cloak (worn)
 h - a cursed +0 ring mail (worn)
Jewellery
 p - an uncursed ring of flight {unknown}
Scrolls
 d - 2 scrolls of magic mapping {unknown}
 e - 6 scrolls of identify {unknown}
 k - 2 scrolls of teleportation {unknown}
 m - a scroll of enchant armour {unknown}
 o - a scroll of remove curse {unknown}
Potions
 f - 4 potions of curing {unknown}
 i - a potion of agility {unknown}
 l - 2 potions of haste {unknown}
 n - a potion of flight {unknown}
Comestibles
 c - 5 rations
 q - a chunk of flesh


   Skills:
 * Level 1.6 Fighting
 + Level 0.2(1.0) Axes
 + Level 1.5 Polearms
 * Level 2.3 Armour
 + Level 1.9 Dodging
 - Level 1.7 Stealth
 + Level 2.5 Spellcasting
 * Level 5.8 Necromancy


You had 4 spell levels left.
You knew the following spells:

 Your Spells              Type           Power        Failure   Level  Hunger
a - Pain                  Necr           ###.         4%          1    #......
b - Animate Skeleton      Necr           N/A          4%          1    #......
c - Vampiric Draining     Necr           ###.......   14%         3    ###....

Your spell library contained the following spells:

 Spells                   Type           Power        Failure   Level  Hunger
 Animate Dead             Necr           N/A          43%         4    #####..
 Agony                    Necr           ###.....     80%         5    ######.


Dungeon Overview and Level Annotations

Branches:
Dungeon (3/15)

Altars:
Ashenzari
Elyvilon


Innate Abilities, Weirdness & Mutations

You have a pair of small antennae on your head.
You have sharp fingernails.
A weak demonic guardian rushes to your aid.


Message History

You barely miss something. Something hits you but does no damage.
You hit something. Something hits you but does no damage.
You miss something.
You hear some strange, mumbled words.
You are confused.
You miss something. Something hits you but does no damage. Something hits you.
* * * LOW HITPOINT WARNING * * *
Something hits you.
* * * LOW HITPOINT WARNING * * *
You're too confused to move!
Something hits you.
* * * LOW HITPOINT WARNING * * *
You bump into the rock wall.
You hear some strange, mumbled words.
A magic dart appears from out of thin air!
The magic dart hits you.
* * * LOW HITPOINT WARNING * * *
You feel less confused. Something hits you.
You die...

###.)#.#.....
.....#.......
.......# .......#
##......# .......#
'......### .......#
#.......). .......#
....... .......# #
....
.......#...#.#####)#
.......#........@.)#
.......#.........{)#
.......#.#########.#
.......#.# #.#
.#######.# #.# .#
#.#########.# .#
#......Z....#
#.########### #.#


There were no monsters in sight!

Vanquished Creatures
  2 adders (D:2)
  A dart slug (D:1)
  3 worms
  An orc (D:3)
  7 goblins
  6 hobgoblins
  3 jackals
  A quokka (D:3)
  6 bats
  5 frilled lizards
  13 kobolds
  7 rats
55 creatures vanquished.

Vanquished Creatures (collateral kills)
  An ogre (D:3)
  A sky beast (D:3)
  An orc priest (D:3)
  2 worms
  3 leopard geckos
  2 orcs (D:3)
  A goblin (D:3)
  2 hobgoblins (D:3)
  3 jackals (D:3)
  A kobold (D:3)
  A quokka (D:3)
  3 bats
  A frilled lizard (D:3)
  3 rats
25 creatures vanquished.

Grand Total: 80 creatures vanquished

Notes
Turn   | Place    | Note
-------+----------+-------------------------------------------
     0 | D:1      | BeastOfSaturn the Demonspawn Necromancer began the quest
                  | for the Orb.
     0 | D:1      | Reached XP level 1. HP: 13/13 MP: 3/3
   760 | D:1      | Gained mutation: A weak demonic guardian rushes to your
                  | aid. [demonic ancestry]
   760 | D:1      | Reached XP level 2. HP: 13/19 MP: 1/5
   848 | D:1      | Learned a level 1 spell: Animate Skeleton
   874 | D:1      | Reached skill level 1 in Armour
  1732 | D:2      | Found a white marble altar of Elyvilon.
  1883 | D:2      | Reached XP level 3. HP: 25/25 MP: 6/6
  1888 | D:2      | Learned a level 3 spell: Vampiric Draining
  2222 | D:2      | Reached skill level 5 in Necromancy
  2319 | D:2      | Found a shattered altar of Ashenzari.
  3072 | D:3      | Gained mutation: You have sharp fingernails. [demonic
                  | ancestry]
  3072 | D:3      | Reached XP level 4. HP: 28/31 MP: 2/7
  3128 | D:3      | Reached skill level 1 in Fighting
  3240 | D:3      | Noticed an ogre
  3250 | D:3      | Killed an ogre
  3250 | D:3      | Reached skill level 1 in Polearms
  3301 | D:3      | Gained mutation: You have a pair of small antennae on your
                  | head. [demonic ancestry]
  3301 | D:3      | Reached XP level 5. HP: 35/37 MP: 8/8
  3302 | D:3      | Noticed a sky beast
  3324 | D:3      | Killed a sky beast
  3682 | D:3      | Slain by an orc wizard

Levels and vault maps discovered:
D:1:      dpeg_arrival_line_fractal, layout_loops_ring
D:2:      layout_loops_cross, elyvilon_altar_4, nicolae_ashenzari_panopticon
D:3:      cheibrodos_thug_alley, layout_basic, first_ration

Skill      XL: |  1  2  3  4 |
---------------+-------------+-----
Armour         | 1 2 |  2.3
Necromancy     | 5 |  5.8
Fighting       | 1 |  1.6
Polearms       | 1 |  1.5
Axes           | |  0.2
Dodging        | |  1.9
Stealth        | |  1.7
Spellcasting   | |  2.5

Action                   |  1- 3 |  4- 6 || total
-------------------------+-------+-------++-------
Melee: Hand axe          |    30 |       ||    30
       Spear             |    90 |   114 ||   204
 Cast: Pain              |    12 |     1 ||    13
       Animate Skeleton  |    16 |    10 ||    26
       Vampiric Draining |     2 |       ||     2
 Stab: Sleeping          |     5 |       ||     5
       Distracted        |       |     1 ||     1
  Eat: Chunk             |     8 |     2 ||    10
Armor: Robe              |    19 |       ||    19
       Ring mail         |     7 |    35 ||    42
Dodge: Dodged            |    51 |    35 ||    86

Table legend:
 A = Non-vault XP
 B = Vault XP
 C = Vault XP percentage of total XP
 D = Non-vault monster count
 E = Vault monster count
 F = Vault count percentage of total count
                 A         B        C        D         E       F
            +---------+---------+-------+---------+---------+-------
      Total |     319 |      12 |   3.6 |      72 |       8 |  10.0
            +---------+---------+-------+---------+---------+-------
        D:1 |      30 |       0 |   0.0 |      21 |       0 |   0.0
        D:2 |      57 |       0 |   0.0 |      20 |       0 |   0.0
        D:3 |     232 |      12 |   4.9 |      31 |       8 |  20.5
            +---------+---------+-------+---------+---------+-------
